 Dungeon Crawl Stone Soup version 0.16.1-51-g6203257 (webtiles) character file.

1054 uhvn the Magician (level 8, 0/42 HPs)
             Began as a Vine Stalker Enchanter on July 7, 2015.
             Was a Follower of Nemelex Xobeh.
             Slain by an orc warrior
             ... wielding a +0 broad axe
              (13 damage)
             ... on level 6 of the Dungeon.
             The game lasted 00:46:55 (5770 turns).

uhvn the Magician (Vine Stalker Enchanter)          Turns: 5770, Time: 00:46:55

Health: 0/42       AC:  5    Str: 10    XL:     8   Next: 26%
Magic:  0/22       EV: 14    Int: 15    God:    Nemelex Xobeh [*.....]
Gold:   196        SH:  0    Dex: 18    Spells: 3 memorised, 12 levels left

rFire  + . .     SeeInvis .     a - +1 dagger
rCold  . . .     Clarity  .     b - +1 robe
rNeg   . . .     SustAb   .     (no shield)
rPois  +         Gourm    .     (no helmet)
rElec  .         Spirit   +     m - +1 cloak {rPois}
rCorr  .         Warding  .     (no gloves)
rMut   .         Stasis   .     (no boots)
MR     +....                    (no amulet)
Stlth  +++.......               (no ring)
                                v - ring of protection from fire

@: somewhat resistant to hostile enchantments, fairly stealthy
A: fangs 3, regeneration 2, magic shield, antimagic bite, no device heal 3, rot
immunity
a: Renounce Religion


You were on level 6 of the Dungeon.
You worshipped Nemelex Xobeh.
Nemelex Xobeh was aware of your devotion.
You were not hungry.

You visited 2 branches of the dungeon, and saw 9 of its levels.

You collected 196 gold pieces.

Inventory:

Hand weapons
 a - a +1 dagger (weapon)
Armour
 b - a +1 robe (worn)
 m - a +1 cloak of poison resistance (worn)
Magical staves
 y - an uncursed staff of poison {unknown}
Jewellery
 j - an uncursed ring of loudness
 p - a -6 ring of intelligence
 v - a ring of protection from fire (left hand)
Magical devices
 q - a wand of heal wounds (6)
Scrolls
 e - 4 scrolls of identify
 f - a scroll of immolation
 h - 2 scrolls of fog
 l - a scroll of amnesia
 s - a scroll of recharging {unknown}
 w - 2 scrolls of remove curse
Potions
 g - a potion of heal wounds
 i - 2 potions of brilliance {unknown}
 n - a potion of curing
 t - 2 potions of might {unknown}
 u - a potion of restore abilities {unknown}
 z - 2 potions of agility
Books
 c - a book of Maledictions

   Spells                             Type                      Level
   a - Corona                         Hexes                        1
   b - Sure Blade                     Hexes/Charms                 2
   c - Ensorcelled Hibernation        Hexes/Ice                    2
   d - Confuse                        Hexes                        3
   e - Dazzling Spray                 Conjuration/Hexes            3
   f - Enslavement                    Hexes                        4
 r - a book of Transfigurations

   Spells                             Type                      Level
   a - Stoneskin                      Transmutation/Earth          2
   b - Irradiate                      Conjuration/Transmutation    5
   c - Statue Form                    Transmutation/Earth          6
   d - Hydra Form                     Transmutation                6
   e - Dragon Form                    Transmutation                7
 x - a book of Control

   Spells                             Type                      Level
   a - Control Teleport               Charms/Translocation         4
   b - Control Undead                 Necromancy                   4
   c - Enslavement                    Hexes                        4
   d - Metabolic Englaciation         Hexes/Ice                    5
   e - Mass Confusion                 Hexes                        6
Miscellaneous
 A - a plain deck of destruction
Comestibles
 d - 5 bread rations
 k - 3 meat rations
 o - a beef jerky


   Skills:
 * Level 3.8 Fighting
 + Level 3.1 Short Blades
 + Level 3.2 Dodging
 - Level 4.0 Stealth
 * Level 1.2 Unarmed Combat
 * Level 5.4 Spellcasting
 - Level 3.0 Hexes
 + Level 0.8 Charms
 + Level 1.1 Ice Magic
 + Level 2.6 Evocations


You had 12 spell levels left.
You knew the following spells:

 Your Spells              Type           Power        Failure   Level  Hunger
a - Corona                Hex            ##.....      6%          1    None
b - Sure Blade            Hex/Chrm       #.........   12%         2    #......
c - Ensorcelled Hibernat  Hex/Ice        ##....       12%         2    #......


Dungeon Overview and Level Annotations

Branches:
Dungeon (8/15)             Temple (1/1) D:4
   Lair: D:8-11

Altars:
Ashenzari
Dithmenos
Elyvilon
Fedhas
Gozag
Kikubaaqudgha
Nemelex Xobeh
Okawaru
Qazlal
Ru
Sif Muna
Vehumet
Xom
Yredelemnul
Zin
The Shining One

Annotations:
D:4 Prince Ribbit
D:7 Pikel


Innate Abilities, Weirdness & Mutations

You have razor-sharp teeth.
You heal very quickly.
When hurt, damage is shared between your health and your magic reserves.
Your bite disrupts and absorbs the magic of your enemies.
Potions and wands cannot restore your health.
You are immune to rotting.


Message History

Aiming: Ensorcelled Hibernation
Press: ? - help, Shift-Dir - straight line, f/p - orc warrior
Aim: an orc warrior, wielding a broad axe and wearing a plate armour (softly glowing, chance 41%)
The orc warrior resists with some effort.
The orc warrior hits you with a broad axe!!
Casting: Ensorcelled Hibernation
Confirm with . or Enter, or press ? or * to list all spells.
Aiming: Ensorcelled Hibernation
Press: ? - help, Shift-Dir - straight line, f/p - orc warrior
Aim: an orc warrior, wielding a broad axe and wearing a plate armour (softly glowing, chance 41%)
The orc warrior resists with some effort.
The orc warrior closely misses you.
You closely miss the orc warrior.
You hit the orc warrior but do no damage.
Your bite misses the orc warrior.
The orc warrior hits you with a broad axe!
You hit the orc warrior but do no damage.
The orc warrior hits you with a broad axe!
You die...
Your body disappears without a glow.

########################
#.....o@................
#(###.#####.############
# #.# #.# ##### #.#
#.... #.# #.##. #.#
#.##. #.# #.##.
#######.########.##.


You could see an orc warrior.

Vanquished Creatures
  2 ogres
  The ghost of uhvn the Sneak, an average VSEn (D:3)
  A giant frog (D:4)
  2 scorpions (D:4)
  A goliath beetle (D:8)
  A crimson imp (D:5)
  3 jellies
  A giant frog zombie (D:5)
  2 hounds
  An orc priest (D:4)
  2 giant frog skeletons
  An orc wizard (D:3)
  4 worker ants
  A gnoll (D:6)
  6 adders
  A shadow imp (D:5)
  4 giant mites
  A worm (D:4)
  16 orcs
  5 ball pythons
  9 bats
  8 giant cockroaches
  5 hobgoblins
  4 jackals
  10 kobolds
  2 quokkas
  4 giant geckos
  6 giant newts
  8 goblins
  14 rats
126 creatures vanquished.

Vanquished Creatures (others)
  An orc wizard (D:4)
1 creature vanquished.

Grand Total: 127 creatures vanquished

Notes
Turn   | Place    | Note
--------------------------------------------------------------
     0 | D:1      | uhvn, the Vine Stalker Enchanter, began the quest for the Orb.
     0 | D:1      | Reached XP level 1. HP: 9/9 MP: 3/3
    55 | D:1      | Reached skill level 1 in Short Blades
    91 | D:1      | Reached XP level 2. HP: 13/13 MP: 6/6
   437 | D:1      | Reached skill level 1 in Fighting
   437 | D:1      | Reached XP level 3. HP: 18/18 MP: 7/7
   936 | D:2      | Reached XP level 4. HP: 17/22 MP: 9/9
  1001 | D:2      | Found a glowing golden altar of the Shining One.
  1040 | D:2      | Reached skill level 4 in Stealth
  1514 | D:3      | HP: 1/23 [orc/flail (5)]
  1615 | D:3      | Noticed uhvn's ghost (average VSEn)
  1651 | D:3      | Killed uhvn's ghost
  1651 | D:3      | Reached XP level 5. HP: 4/26 MP: 4/13
  1674 | D:3      | Found an ancient bone altar of Kikubaaqudgha.
  1674 | D:3      | Found a sparkling altar of Nemelex Xobeh.
  2572 | D:3      | Became a worshipper of Nemelex Xobeh the Trickster
  2615 | D:4      | Found a staircase to the Ecumenical Temple.
  2615 | D:4      | Received a gift from Nemelex Xobeh
  2681 | Temple   | Entered the Ecumenical Temple
  2760 | D:4      | Gained mutation: You heal very quickly. [vine stalker growth]
  2760 | D:4      | Reached XP level 6. HP: 23/32 MP: 11/16
  2926 | D:4      | Reached skill level 1 in Evocations
  3085 | D:4      | Noticed Prince Ribbit
  3474 | D:4      | Reached XP level 7. HP: 19/35 MP: 13/18
  3744 | D:4      | Learned a level 2 spell: Sure Blade
  4285 | D:4      | Reached skill level 5 in Spellcasting
  4327 | D:5      | Entered Level 5 of the Dungeon
  4505 | D:5      | Learned a level 2 spell: Ensorcelled Hibernation
  4839 | D:5      | Gained mutation: You have razor-sharp teeth. [vine stalker growth]
  4839 | D:5      | Reached XP level 8. HP: 31/41 MP: 22/22
  4857 | D:5      | Found a blossoming altar of Fedhas.
  5220 | D:6      | Received a gift from Nemelex Xobeh
  5284 | D:6      | Reached skill level 1 in Unarmed Combat
  5355 | D:6      | You fall through a shaft for 2 floors!
  5367 | D:8      | Reached skill level 1 in Ice Magic
  5529 | D:7      | Noticed Pikel
  5770 | D:6      | Slain by an orc warrior

Action                   |  1- 3 |  4- 6 |  7- 9 || total
-------------------------+-------+-------+-------++-------
Melee: Dagger            |    86 |   322 |   271 ||   679
 Cast: Corona            |    13 |    51 |    50 ||   114
       Sure Blade        |       |       |    14 ||    14
       Ensorcelled Hiber |       |       |    17 ||    17
  Use: Scroll            |       |     6 |     1 ||     7
       Potion            |       |     4 |       ||     4
 Stab: Sleeping          |    11 |     1 |    12 ||    24
  Eat: Chunk             |       |     5 |     6 ||    11
       Bread ration      |       |     1 |     1 ||     2
